 Dungeon Crawl Stone Soup version 0.30.1-9-gdf580d7c3d (webtiles) character file.

Game seed: 18326188597206961796

537 lonewolfV2 the Ducker (level 7, -10/42 (52) HPs)
             Began as a Demonspawn Fighter on Oct 26, 2023.
             Mangled by an ogre
             ... wielding a +0 giant spiked club
              (25 damage)
             ... on level 4 of the Dungeon.
             The game lasted 00:05:11 (3531 turns).

lonewolfV2 the Ducker (Demonspawn Fighter)          Turns: 3531, Time: 00:05:12

HP:   -10/42 (52)   AC: 11    Str: 19    XL:     7   Next: 5%
MP:   7/7           EV:  9    Int:  9    God:
Gold: 163           SH:  4    Dex: 12    Spells: 6/6 levels left

rFire   . . .        a - +0 war axe
rCold   . . .        c - +0 buckler
rNeg    . . .        f - +0 chain mail
rPois   .            m - +1 helmet
rElec   .            (no cloak)
rCorr   +            (no gloves)
SInv    .            (no boots)
Will    .....        (no amulet) Stlth
                     b - ring of resist corrosion
HPRegen 0.27/turn    (no ring)
MPRegen 0.10/turn

%: no passive effects
@: heavily drained
A: hooves 2
a: no special abilities


You were on level 4 of the Dungeon.
You visited 1 branch of the dungeon, and saw 4 of its levels.

You collected 163 gold pieces.

Inventory:

Hand Weapons
 a - a +0 war axe (weapon)
Armour
 c - a +0 buckler (worn)
 f - a +0 chain mail (worn)
 m - a +1 helmet (worn)
Jewellery
 b - a ring of resist corrosion (left hand)
Scrolls
 e - a scroll of magic mapping
 k - 3 scrolls of identify
Potions
 h - a potion of haste
 i - a potion of degeneration
 j - 2 potions of brilliance


   Skills:
 - Level 3.0 Fighting
 - Level 1.7 Axes
 + Level 4.7 Armour
 * Level 5.4 Dodging
 - Level 2.6 Shields


You had 6 spell levels left.
You didn't know any spells.
Your spell library was empty.

Dungeon Overview and Level Annotations

Branches:
Dungeon (4/15)
 Temple: D:4-7

Altars:

Shops:
D:1 :   D:4 [

Portals:
Abyss: D:4

Annotations:
D:4 2 transporters, Zespara's ghost, amateur GrFi


Innate Abilities, Weirdness & Mutations

You have hoof-like feet.


Message History

The orc priest hits you with a +0 short sword.
You barely miss the orc priest. You kick the orc priest.
The orc priest is severely wounded.
The orc priest calls down the wrath of Beogh upon you.
You barely resist. You hit the orc priest.
You kill the orc priest!
You have reached level 7!
You start resting.
Your extra speed is starting to run out.
You start resting.
You feel yourself slow down.
You start resting.
An orc comes into view. It is wielding a +0 hand axe.
The orc shouts!
Items here: ))) [ ††.
The orc hits you but does no damage.
You hit the orc. Your kick misses the orc.
The orc is moderately wounded.
The orc closely misses you. The orc hits you but does no damage.
You slash the orc!
You kill the orc!
Things that are here:
a +0 hand axe; a +0 leather armour
Found an escape hatch in the floor.
There is an open door here.
A kobold and an ogre come into view.
There are monsters nearby!
The ogre completely misses you.
You slash the ogre!
The ogre is moderately wounded.
You slash the kobold!
You kill the kobold!
The ogre hits you with a +0 giant spiked club!!
Ouch! That really hurt!
You hit the ogre but do no damage. You kick the ogre.
The ogre is heavily wounded.
The ogre hits you with a +0 giant spiked club!!
Ouch! That really hurt!
You die...

#.###.###.##>......##
#.........###.....##
#####.##### ##...##
###.### #'## #.....#
.# #.#.#.##### #
#.#.......# .#.# #
###.###.##....#
...##..@O....#
#####....)......
##...##.#.## ##.## #
###


You could see an ogre.

Vanquished Creatures
  Menkaure (D:4)
  A scorpion (D:4)
  A howler monkey (D:4)
  A hound (D:4)
  2 orc priests (D:4)
  Jessica (D:2)
  2 orc wizards
  3 adders (D:3)
  A worm (D:2)
  2 dart slugs
  12 orcs
  A bat (D:3)
  7 endoplasms
  5 giant cockroaches
  8 hobgoblins
  14 jackals
  11 kobolds
  6 quokkas
  5 ball pythons
  3 frilled lizards
  10 goblins
  6 rats
103 creatures vanquished.

Notes
Turn   | Place    | Note
-------+----------+-------------------------------------------
     0 | D:1      | lonewolfV2 the Demonspawn Fighter began the quest for the
                  | Orb.
     0 | D:1      | Reached XP level 1. HP: 18/18 MP: 1/1
   119 | D:1      | Reached skill level 1 in Dodging
   131 | D:1      | Gained mutation: You have large cloven feet. [demonic
                  | ancestry]
   131 | D:1      | Reached XP level 2. HP: 14/24 MP: 2/2
   462 | D:1      | Found Joduut's Book Emporium.
   661 | D:1      | Reached skill level 2 in Dodging
   661 | D:1      | Gained mutation: You have hoof-like feet. [demonic
                  | ancestry]
   661 | D:1      | Reached XP level 3. HP: 24/29 MP: 3/3
   874 | D:2      | Noticed Jessica
   884 | D:2      | Killed Jessica
  1007 | D:2      | Reached XP level 4. HP: 20/35 MP: 4/4
  1814 | D:3      | Reached skill level 3 in Dodging
  1986 | D:3      | Reached XP level 5. HP: 41/41 MP: 5/5
  2493 | D:4      | Reached skill level 4 in Dodging
  2540 | D:4      | Found a one-way gate to the infinite horrors of the Abyss.
  2540 | D:4      | Noticed Zespara's ghost (amateur GrFi)
  2540 | D:4      | Noticed a small abomination
  2568 | D:4      | Found a transporter.
  2568 | D:4      | Found a transporter.
  2651 | D:4      | Found Sotauc's Armour Emporium.
  2985 | D:4      | Noticed Menkaure
  2992 | D:4      | Killed Menkaure
  2993 | D:4      | Reached XP level 6. HP: 23/47 MP: 6/6
  3196 | D:4      | Reached skill level 5 in Dodging
  3361 | D:4      | HP: 1/36 [orc priest/divine providence (9)]
  3372 | D:4      | Reached XP level 7. HP: 13/42 MP: 7/7
  3531 | D:4      | Mangled by an ogre

Illustrated notes

Levels and vault maps discovered:
D:1:      minmay_arrival_hallway, layout_loops_ring, serial_shops,
          nicolae_diamond_shop
D:2:      layout_loops_corners, kennysheep_another_room, uniq_jessica
D:3:      layout_rooms, minmay_misc_feat_secret_circle, minmay_misc_feat_room
D:4:      layout_loops_corners, serial_shops, shop,
          gammafunk_ghost_abyssal_escape, uniq_menkaure

Skill      XL: |  1  2  3  4  5  6 |
---------------+-------------------+-----
Dodging        | 1 2 3 4 5 |  5.4
Armour         | 3 4 |  4.7
Fighting       | |  3.0
Axes           | |  1.7
Shields        | |  2.6

Action                     |  1- 3 |  4- 6 |  7- 9 || total
---------------------------+-------+-------+-------++-------
  Melee: War axe           |    99 |   197 |     4 ||   300
         Kick              |    17 |    43 |     1 ||    61
    Use: Scroll            |     7 |     3 |       ||    10
         Potion            |       |     6 |       ||     6
 Armour: Scale mail        |    47 |       |       ||    47
         Chain mail        |       |   133 |     2 ||   135
  Dodge: Dodged            |    39 |   104 |     2 ||   145
  Block: Buckler           |    21 |    51 |       ||    72
